 Dungeon Crawl Stone Soup version 0.15.0-8-gb109cf8 (webtiles) character file.

137 CrazyArbalest the Grave Robber (level 5, -2/35 HPs)
             Began as a Demonspawn Necromancer on Aug 30, 2014.
             Killed by divine providence
             ... invoked by an orc priest
              (14 damage)
             ... on Level 3 of the Dungeon.
             The game lasted 00:09:59 (2341 turns).

CrazyArbalest the Grave Robber (DsNe)               Turns: 2341, Time: 00:10:00

HP  -2/35        AC  2     Str  9      XL: 5   Next:  0%
MP   1/11        EV 12     Int 17      God:
Gold 141         SH  0     Dex 13      Spells:  2 memorised,  9 levels left

rFire  . . .     SeeInvis .     p - +2 dagger (flame)
rCold  . . .     Clarity  .     a - +0 robe
rNeg   . . .     rCorr    .     (no shield)
rPois  .         rRot     .     (no helmet)
rElec  .         Spirit   .     (no cloak)
SustAb .         Warding  .     (no gloves)
rMut   .         Stasis   .     (no boots)
Gourm  .                        (no amulet)
MR     .....                    (no ring)
                                (no ring)

@: not resistant to hostile enchantments, unstealthy
A: talons 2
a: no special abilities


You were on level 3 of the Dungeon.
You were not hungry.

You visited 1 branch of the dungeon, and saw 3 of its levels.

You collected 141 gold pieces.

Inventory:

Hand weapons
 p - a +2 dagger of flaming (weapon)
Missiles
 r - 15 bolts
Armour
 a - a +0 robe (worn)
Comestibles
 c - 2 bread rations
 j - a meat ration
 t - a chunk of quokka flesh
Scrolls
 f - a scroll of teleportation {unknown}
 i - a scroll of random uselessness {unknown}
 k - a scroll of amnesia {unknown}
 m - a scroll of magic mapping {unknown}
 n - a scroll of enchant weapon {unknown}
 o - 2 scrolls of immolation {unknown}
 v - a scroll of blinking {unknown}
Jewellery
 l - an uncursed ring of positive energy {unknown}
Potions
 d - a potion of curing
 e - a potion of cancellation {unknown}
 g - a potion of brilliance {unknown}
 h - a potion of mutation {unknown}
 q - 2 potions of heal wounds {unknown}
 s - a potion of might {unknown}
 u - a potion of restore abilities {unknown}
Books
 b - a book of Necromancy

   Spells                             Type                      Level
   *Pain                              Necromancy                   1
   *Animate Skeleton                  Necromancy                   1
   Vampiric Draining                  Necromancy                   3
   Regeneration                       Charms/Necromancy            3
   Animate Dead                       Necromancy                   4
   Control Undead                     Necromancy                   4


   Skills:
 + Level 1.8 Dodging
 + Level 1.9 Stealth
 + Level 3.6 Spellcasting
 + Level 5.7 Necromancy


You had 9 spell levels left.
You knew the following spells:

 Your Spells              Type           Power        Failure   Level  Hunger
a - Pain                  Necr           ###.         1%          1    None
b - Animate Skeleton      Necr           N/A          1%          1    None


Dungeon Overview and Level Annotations

Branches:
Dungeon (3/15)

Altars:
Sif Muna


Innate Abilities, Weirdness & Mutations

You have razor-sharp toenails.


Message History

You kill the orc priest!
You have reached level 5!
No previous command to re-do.
Unknown command.
Unknown command.
Casting: Pain
Confirm with . or Enter, or press ? or * to list all spells.
Aiming: Pain
Press: ? - help, Shift-Dir - straight line, f - orc priest
Aim: an orc priest The orc priest convulses in agony!
Casting: Pain
Confirm with . or Enter, or press ? or * to list all spells.
Aiming: Pain
Press: ? - help, Shift-Dir - straight line, f/p - orc priest
Aim: an orc priest (lightly wounded)
The orc priest convulses in agony!
The orc priest invokes the aid of Beogh against you.
Something smites you!
You die...

#.##..##.#
#.##.##..##.#
#........##.#
#.#......##.#
+......##.#
#......+...
#......##..
##'##Z.####
....####@##..#
....))o..ZZ..#
......o.######
...###. #! #.
.. .. ##. #.


You could see an orc priest, an orc wizard, a friendly bat skeleton and a
friendly quokka skeleton.

Vanquished Creatures
  An orc priest (D:3)
  Jessica (D:2)
  3 adders
  A worm (D:2)
  An orc (D:3)
  9 bats
  2 giant cockroaches (D:2)
  A hobgoblin (D:1)
  A quokka (D:3)
  2 giant newts
  4 goblins
  11 kobolds
  5 rats
42 creatures vanquished.

Vanquished Creatures (collateral kills)
  An adder (D:2)
  2 worms (D:2)
  A rat (D:1)
4 creatures vanquished.

Vanquished Creatures (others)
  2 goblin skeletons
  2 kobold skeletons (D:2)
  A rat skeleton (D:2)
5 creatures vanquished.

Grand Total: 51 creatures vanquished

Notes
Turn   | Place    | Note
--------------------------------------------------------------
     0 | D:1      | CrazyArbalest, the Demonspawn Necromancer, began the quest for the Orb.
     0 | D:1      | Reached XP level 1. HP: 13/13 MP: 3/3
    51 | D:1      | Learned a level 1 spell: Animate Skeleton
   443 | D:1      | Gained mutation: You have sharp toenails. [demonic ancestry]
   443 | D:1      | Reached XP level 2. HP: 16/19 MP: 2/4
   732 | D:1      | Reached skill level 5 in Necromancy
  1119 | D:2      | Found a deep blue altar of Sif Muna.
  1135 | D:2      | Noticed Jessica
  1142 | D:2      | Killed Jessica
  1142 | D:2      | Reached XP level 3. HP: 10/24 MP: 0/6
  1589 | D:2      | Gained mutation: You have razor-sharp toenails. [demonic ancestry]
  1589 | D:2      | Reached XP level 4. HP: 25/30 MP: 2/9
  2339 | D:3      | Reached XP level 5. HP: 15/35 MP: 2/11
  2341 | D:3      | Killed from afar by an orc priest

Action                   |  1- 3 |  4- 6 || total
-------------------------+-------+-------++-------
Melee: Dagger            |     2 |     1 ||     3
 Cast: Pain              |    49 |    37 ||    86
       Animate Skeleton  |    10 |     7 ||    17
  Use: Potion            |       |     1 ||     1
  Eat: Chunk             |     3 |     2 ||     5
